 Dungeon Crawl Stone Soup version 0.31.0-11-ge490571c62 (webtiles) character file.

Game seed: 5593619239637835281

5193 dialectric the Basher (level 10, -19/63 HPs)
             Began as a Gargoyle Fighter on Jan 28, 2024.
             Was an Elder of Jiyva.
             Collided with a crystal wall (23 damage)
             ... after being knocked back by a wretched star
             ... on level 1 of the Abyss.
             The game lasted 00:15:53 (8771 turns).

dialectric the Basher (Gargoyle Fighter)            Turns: 8771, Time: 00:15:54

Health: -19/63     AC: 25    Str: 25    XL:     10   Next: 60%
Magic:  17/17      EV:  9    Int:  4    God:    Jiyva [****..]
Gold:   216        SH:  0    Dex:  5    Spells: 9/9 levels left

rFire   + + +        N - +4 whip (flame)
rCold   . . .        (no shield)
rNeg    + . .        j - +2 chain mail {rF+}
rPois   ∞            t - +0 helmet
rElec   +            (no cloak)
rCorr   +            m - +2 pair of gloves
SInv    .            (no boots)
Will    .....        (no amulet) Stlth
                     g - ring of magical power
HPRegen 1.58/turn    D - +1 ring of slaying
MPRegen 0.79/turn

%: no passive effects
@: no status effects
A: sickness immunity, AC +7, negative energy resistance 1, electricity
resistance, torment resistance 1, petrification resistance, fire resistance 2,
strong 2, [clumsy 2], [dopey 2], [low MP 2], [weak 2], [no potion heal 2],
[persistent drain]
a: Renounce Religion, Oozemancy, Slimify


You were on level 1 of the Abyss.
You worshipped Jiyva.
Jiyva was greatly pleased with you.
You visited 1 branch of the dungeon, and saw 9 of its levels.
You visited the Abyss 1 time.
You also visited: Sewer and Ossuary.

You collected 345 gold pieces.
You spent 129 gold pieces at shops.

Inventory:

Hand Weapons
 J - a +0 broad axe
 N - a +4 whip of flaming (weapon)
Missiles
 q - 20 poisoned darts (quivered)
Armour
 c - a +0 buckler
 j - a +2 chain mail of fire resistance (worn)
 k - a +0 kite shield
 m - a +2 pair of gloves (worn)
 t - a +0 helmet (worn)
 K - +0 acid dragon scales
Jewellery
 g - a ring of magical power (left hand)
 D - a +1 ring of slaying (right hand)
Wands
 e - a wand of acid (6)
 C - a wand of polymorph (8)
 I - a wand of iceblast (17)
 L - a wand of flame (10)
Scrolls
 f - 2 scrolls of vulnerability
 h - 2 scrolls of fear
 n - 2 scrolls of immolation
 p - a scroll of torment {unknown}
 u - 2 scrolls of amnesia
 v - a scroll of butterflies {unknown}
 y - a scroll of blinking
 B - a scroll of acquirement {unknown}
 H - 2 scrolls of teleportation {unknown}
Potions
 b - 3 potions of curing
 d - 3 potions of mutation
 i - 2 potions of haste
 l - 2 potions of lignification
 o - a potion of cancellation
 r - 2 potions of magic
 w - a potion of attraction
 x - 2 potions of ambrosia
 A - a potion of brilliance
 E - 2 potions of heal wounds
 G - 3 potions of might
 M - 2 potions of experience


   Skills:
 + Level 7.6 Fighting
 + Level 10.5 Maces & Flails
 + Level 10.3 Armour
 - Level 2.0 Dodging
 - Level 4.0 Shields
 + Level 0.1 Evocations


You had 9 spell levels left.
You didn't know any spells.
Your spell library contained the following spells:

 Spells                   Type           Power      Damage    Failure   Level
 Summon Small Mammal      Summ           0%         N/A       92%         1
 Blink                    Tloc           0%         N/A       98%         2
 Lesser Beckoning         Tloc           0%         N/A       98%         2
 Momentum Strike          Conj/Tloc      0%         3d8       98%         2
 Call Canine Familiar     Summ           0%         N/A       100%        3
 Summon Blazeheart Golem  Fire/Summ      0%         N/A       100%        4


Dungeon Overview and Level Annotations

Branches:
Dungeon (9/15)             Temple (0/1) D:4           Sewer (visited)
Ossuary (visited)
   Lair: D:8-11         Orc: D:9-12

Altars:
Ashenzari
Gozag
Makhleb
Nemelex Xobeh
Sif Muna
Uskayaw
Wu Jian
The Shining One

Shops:
D:5 =   D:7 !   D:8 (

Annotations:
D:3 Dowan, Duvessa
D:4 exclusion: oklob sapling
D:9 Erolcha


Innate Abilities, Weirdness & Mutations

You are immune to sickness and miasma.
Your stone body is resilient. (AC +7)
You are immune to poison.
You resist negative energy. (rN+)
You are resistant to electric shocks. (rElec)
You are resistant to unholy torment.
You are immune to petrification.
Your flesh is very heat resistant. (rF++)
Your muscles are very strong. (Str +8, Int/Dex -2)
[You are very clumsy. (Dex -4)]
[You are very dopey. (Int -4)]
[Your magical capacity is very low. (-20% MP)]
[You are very weak. (Str -4)]
[Potions cannot restore your health.]
[Your health recovers twice as slowly from being drained.]


Message History

A wretched star comes into view.
The wretched star pulses with an eldritch light!
You feel weaker. x2; You feel clumsy. x2
The wretched star pulses with an eldritch light!
You feel less energetic. x2
You barely miss the wretched star.
Unknown command.
You barely miss the wretched star.
Unknown command.
You barely miss the wretched star. You completely miss the wretched star.
Unknown command.
You hit the wretched star but do no damage.
You hit the wretched star but do no damage.
The wretched star pulses with an eldritch light!
You begin to recover more slowly from draining effects.
You hit the wretched star but do no damage.
The wretched star glows turbulently.
The lance of force hits you!
You are knocked back by the lance of force.
You slam into the crystal wall!
Unknown command.
The wretched star glows turbulently.
The lance of force hits you!!
You are knocked back by the lance of force.
You slam into the crystal wall!
The wretched star pulses with an eldritch light!
Your system partially rejects the healing effects of potions.
Your system completely rejects the healing effects of potions.
You feel stupid. x2
Unknown command.
Unknown command.
You hit the wretched star but do no damage.
You barely miss the wretched star.
The wretched star glows turbulently.
The lance of force hits you!!
* * * LOW HITPOINT WARNING * * *
You are knocked back by the lance of force.
You slam into the crystal wall!
You die...

. .. #. .# .#
###. # .##...
... #....#
....#....##
#....#*#..# .#
###....#
#.....##.@#
...#..#.#.##
.#.......#.# #
..
....#...#..#
#..##..# ..##.
.#...... ... .
#.............
#.##..# ..##.
#. #..# ..# ..


You could see a wretched star.

Vanquished Creatures
  Pikel (D:6)
  A shadow (D:9)
  6 yaks
  2 wyverns
  Menkaure (D:5)
  An orc warrior (D:8)
  2 sky beasts
  3 ogres
  3 centaurs
  A phantom (D:4)
  2 kobold brigands
  4 bullfrogs
  2 scorpions
  A burial acolyte (Ossuary)
  3 wights (D:8)
  8 killer bees
  6 crimson imps (D:8)
  2 bombardier beetles
  3 jellies (Sewer)
  2 quasits (D:7)
  3 hounds (D:4)
  3 iguanas
  2 orc priests
  2 gnoll boudas
  Natasha (twice) (D:2)
  2 orc wizards (D:5)
  3 mummies (Ossuary)
  12 gnolls
  12 adders
  4 river rats
  4 shadow imps
  9 white imps
  3 ufetubi
  3 ribbon worms
  2 dart slugs
  14 orcs
  6 bats
  14 endoplasms
  11 giant cockroaches
  2 gnoll zombies (Ossuary)
  3 hobgoblins (D:3)
  4 jackals (D:2)
  6 quokkas
  9 ball pythons
  6 frilled lizards
  6 gnoll skeletons (Ossuary)
  4 goblins
  3 goblin skeletons (Ossuary)
  8 goblin zombies (Ossuary)
  3 hobgoblin skeletons (Ossuary)
  4 hobgoblin zombies (Ossuary)
  12 kobolds
  4 kobold skeletons (Ossuary)
  3 kobold zombies (Ossuary)
  6 orc skeletons (Ossuary)
  3 orc zombies (Ossuary)
  6 rats
  3 rat skeletons (Ossuary)
  5 rat zombies (Ossuary)
265 creatures vanquished.

Vanquished Creatures (others)
  Maggie (D:6)
  A lemure (D:7)
  10 jellies
  A killer bee (D:8)
  3 orcs (D:6)
16 creatures vanquished.

Grand Total: 281 creatures vanquished

Notes
Turn   | Place    | Note
-------+----------+-------------------------------------------
     0 | D:1      | dialectric the Gargoyle Fighter began the quest for the
                  | Orb.
     0 | D:1      | Reached XP level 1. HP: 14/14 MP: 1/1
   209 | D:1      | Reached XP level 2. HP: 19/19 MP: 2/2
   658 | D:1      | Reached XP level 3. HP: 5/23 MP: 3/3
  1107 | D:2      | Noticed Natasha
  1117 | D:2      | Killed Natasha
  1118 | D:2      | Reached XP level 4. HP: 13/29 MP: 4/4
  1291 | D:2      | Found a broken altar of Ashenzari.
  2393 | D:2      | Reached XP level 5. HP: 29/33 MP: 5/5
  2400 | D:2      | Noticed Natasha
  2410 | D:2      | Killed Natasha
  2528 | D:4      | Found a staircase to the Ecumenical Temple.
  2545 | D:4      | Noticed Menkaure
  2553 | D:5      | Entered Level 5 of the Dungeon
  2562 | D:5      | Killed Menkaure
  2563 | D:5      | Reached skill level 5 in Armour
  2563 | D:5      | Reached XP level 6. HP: 20/38 MP: 6/6
  2568 | D:5      | Reached skill level 1 in Dodging
  2599 | D:5      | Reached XP level 7. HP: 27/43 MP: 7/7
  2687 | D:5      | Found a sand-covered staircase.
  2692 | Ossuary  | Entered an ossuary
  3017 | Ossuary  | Reached skill level 5 in Maces & Flails
  3106 | D:5      | Noticed a +0 dagger
  3108 | D:5      | Noticed a +0 hand axe
  3111 | D:5      | Found a hide-covered altar of Uskayaw.
  3169 | D:5      | Found Ashrun's One-of-a-Kind Rings.
  3183 | D:5      | Bought a +1 ring of slaying for 84 gold pieces
  3934 | D:5      | Found an opulent altar of Gozag.
  3951 | D:5      | Found a shimmering blue altar of Sif Muna.
  4026 | D:4      | Noticed Duvessa
  4029 | D:4      | Noticed Dowan
  4154 | D:4      | Reached XP level 8. HP: 26/48 MP: 8/8
  4492 | D:4      | Found a sparkling altar of Nemelex Xobeh.
  4952 | D:6      | Reached skill level 5 in Fighting
  4977 | D:5      | HP: 2/49 [iguana (5)]
  5432 | D:6      | Found a glowing drain.
  5450 | Sewer    | Entered a sewer
  5815 | Sewer    | Found a viscous altar of Jiyva.
  5997 | Sewer    | Became a worshipper of Jiyva Jeckyg the Shapeless
  6275 | D:6      | Reached XP level 9. HP: 54/54 MP: 9/9
  6319 | D:6      | Found an ornate altar of the Wu Jian Council.
  6636 | D:7      | Noticed Maggie
  6654 | D:6      | Killed Maggie
  6697 | D:7      | Identified the +5 falchion of Wyrd {holy, rCorr Str+2}
  6827 | D:7      | Reached * piety under Jiyva
  6987 | D:7      | Found Tyqifidy's Distillery.
  6991 | D:7      | Bought a potion of curing for 45 gold pieces
  7070 | D:7      | Noticed Pikel
  7142 | D:6      | Killed Pikel
  7179 | D:7      | Found a glowing golden altar of the Shining One.
  7180 | D:7      | Found a burning altar of Makhleb.
  7304 | D:8      | Reached ** piety under Jiyva
  7555 | D:8      | Reached XP level 10. HP: 61/61 MP: 10/10
  8006 | D:7      | Reached skill level 10 in Maces & Flails
  8078 | D:7      | Reached skill level 10 in Armour
  8329 | D:8      | Reached *** piety under Jiyva
  8394 | D:8      | Found Cinioj's Weapon Boutique.
  8692 | D:9      | Noticed Erolcha
  8697 | Abyss:1  | Cast into level 1 of the Abyss (Erolcha)
  8703 | Abyss:1  | Gained mutation: Your muscles are strong. (Str +4, Int/Dex
                  | -1) [Jiyva's grace]
  8703 | Abyss:1  | Gained mutation: Your muscles are very strong. (Str +8,
                  | Int/Dex -2) [Jiyva's grace]
  8703 | Abyss:1  | Gained mutation: Your flesh is heat resistant. (rF+)
                  | [Jiyva's grace]
  8703 | Abyss:1  | Gained mutation: Your flesh is very heat resistant. (rF++)
                  | [Jiyva's grace]
  8736 | Abyss:1  | Reached **** piety under Jiyva
  8758 | Abyss:1  | Noticed a wretched star
  8771 | Abyss:1  | Collided with a crystal wall

Illustrated notes

Levels and vault maps discovered:
D:1:      tarquinn_simple_flora_water_a, layout_loops_cross, serial_forest,
          infiniplex_forest_lined_room_, infiniplex_forest_straight_2,
          infiniplex_forest_end_3, infiniplex_forest_end_1,
          infiniplex_forest_lined_room_, infiniplex_forest_lined_2,
          nicolae_hexahallways
D:2:      layout_basic, basic_altar, uniq_natasha
D:3:      layout_loops_ring
D:4:      layout_loops_cross, nemelex_diamond_rough_becter,
          minmay_temple_entry_oklob, hangedman_abyss_or_decor_slice,
          minmay_misc_feat_pillars, chequers_serial_rivers_large_a,
          uniq_menkaure, uniq_duvessa
D:5:      cheibrodos_quashed, layout_basic, jmf_multi_god_temple2,
          dancing_weapons_uskayaw, lightli_ossuary_entry_decrepit_ruins,
          nicolae_shop_unique_rings, minmay_diced_spiral
D:6:      layout_loops_ring, mainiacjoe_overflow_boulevard,
          gup_sewer_entry_bubbles, nicolae_tricolors
D:7:      layout_cave_pools, lemuel_coloured_pillars_altar,
          gammafunk_temple_overflow_statue, serial_demonic, serial_demonic_f,
          serial_demonic_d, serial_demonic_b, serial_demonic_e,
          serial_demonic_a, serial_demonic_g, serial_shops,
          nicolae_shop_back_alley_shop, uniq_pikel, uniq_maggie
D:8:      layout_gridville, serial_shops, shop, minmay_nine_imps
D:9:      layout_irregular_city, nicolae_overflow_hidden_temple,
          lemuel_tele_altar, uniq_erolcha
Abyss:1:  base: D:7, hangedman_decor_lopped, hangedman_decor_riveting

Skill      XL: |  1  2  3  4  5  6  7  8  9 10 |
---------------+-------------------------------+-----
Shields        | 4 |  4.0
Armour         | 4 5 6 7 9 10 | 10.3
Maces & Flails | 3 4 6 7 9 10 | 10.5
Fighting       | 4 5 6 7 |  7.6
Dodging        | 1 2 |  2.0
Evocations     | |  0.1

Action                     |  1- 3 |  4- 6 |  7- 9 | 10-12 || total
---------------------------+-------+-------+-------+-------++-------
  Melee: Flail             |    95 |   109 |   624 |       ||   828
         Punch             |       |     1 |     9 |     3 ||    13
         Whip              |       |       |   119 |   281 ||   400
  Evoke: Wand              |       |       |       |     2 ||     2
    Use: Scroll            |       |     2 |    13 |     8 ||    23
         Potion            |       |     1 |     4 |       ||     5
 Armour: Scale mail        |    48 |       |       |       ||    48
         Chain mail        |    27 |   133 |   745 |   283 ||  1188
  Dodge: Dodged            |    58 |    65 |   388 |   142 ||   653
